cohdb
Replays
Latest Replays
All Replays
Popular Replays
Top Player Replays
Match Explorer
How It Works
Community
CoH3 Stats
Reddit
Sign in to upload your games and track your stats! →
Sign in with Steam
Match 41945046
Unlisted
Match 41945046
Overview
Messages
Build Orders
End
Pioneer Squad
Construct Infanterie Kompanie
Grenadier Squad
Selects Breakthrough Battlegroup
MG 42 Machine Gun Team
Grenadier Squad
MG 42 Machine Gun Team
Pioneer Squad
Construct Luftwaffe Kompanie
Selects Assault Grenadiers
Selects Breakthrough
Medical Bunker
221 Scout Car
Flak 30 Anti-aircraft Gun Team
Selects Rapid Production
سَۨفُـيٰانۨوٰس
mohamedkerdaoui
HappyTaffy
AngryViking
0
0
Comments
sign in to comment!
No comments posted yet!